 Dungeon Sprint DCSS version 0.30-a0-900-g23479c02f2 (webtiles) character file.

Game seed: 6348041167468864436

253 dialectric the Covered (level 6, -5/39 HPs)
             Began as a Gargoyle Fighter on Mar 18, 2023.
             Slain by a neqoxec (8 damage)
             ... in the Dungeon (Sprint II: "The Violet Keep of Menkaure").
             The game lasted 00:00:20 (36 turns).

dialectric the Covered (Gargoyle Fighter)             Turns: 36, Time: 00:00:20

Health: -5/39      AC: 12    Str: 20    XL:     6   Next: 14%
Magic:  6/6        EV: 11    Int:  8    God:
Gold:   0          SH:  0    Dex: 11    Spells: 5/5 levels left

rFire   . . .      SeeInvis .    a - +0 long sword
rCold   . . .      Faith    .    (no shield)
rNeg    + . .      Spirit   .    b - +0 scale mail
rPois   ∞          Reflect  .    (no helmet)
rElec   +          Rampage  .    (no cloak)
rCorr   .          NoTele   +    (no gloves)
Will    .....      Rage     3%   (no boots) Stlth
                                 (no amulet)
HPRegen 0.26/turn                (no ring)
MPRegen 0.10/turn                (no ring)

@: mighty, unable to read, unable to drink
A: sickness immunity, AC +4, negative energy resistance 1, electricity
resistance, torment resistance 1, petrification resistance, berserk 1, frail 1,
inability to drink after injury 1, inability to read after injury 1
a: no special abilities


You were in the Dungeon.
You visited 1 branch

Inventory:

Hand Weapons
 a - a +0 long sword (weapon)
Armour
 b - a +0 scale mail (worn)
 c - a +0 buckler
Scrolls
 j - a scroll of blinking
Potions
 e - a potion of curing
 f - a potion of heal wounds
 g - a potion of haste
 h - 2 potions of magic
 i - a potion of berserk rage


   Skills:
 + Level 7.4 Fighting
 + Level 5.5 Long Blades
 + Level 7.9 Armour
 * Level 4.8 Dodging
 - Level 3.2 Shields


You had 5 spell levels left.
You didn't know any spells.
Your spell library was empty.

Dungeon Overview and Level Annotations

Branches:
Dungeon (1/1)

Altars:


Innate Abilities, Weirdness & Mutations

You are immune to sickness and miasma.
Your stone body is resilient. (AC +4)
You are immune to poison.
You resist negative energy. (rN+)
You are resistant to electric shocks. (rElec)
You are resistant to unholy torment.
You are immune to petrification.
You sometimes lose your temper in combat.
You are frail. (-10% HP)
You occasionally lose the ability to drink potions when taking damage.
You occasionally lose the ability to read scrolls when taking damage.


Message History

The neqoxec is heavily wounded.
The neqoxec hits you but does no damage.
A neqoxec comes into view.
The neqoxec barely misses you.
You hit the neqoxec.
The neqoxec is severely wounded.
The neqoxec hits you but does no damage.
You slash the neqoxec!
The neqoxec is almost dead.
The neqoxec hits you but does no damage.
Unknown command.
You completely miss the neqoxec.
The neqoxec is almost dead.
The neqoxec hits you but does no damage.
You hit the neqoxec.
You kill the neqoxec!
The neqoxec gestures at you.
Strange energies course through your body.
You feel a little pissed off. The neqoxec gestures at you.
You feel dopey. Something feeds on your intellect!
You feel your intelligence returning.
Your Fighting skill increases to level 7!
Your Long Blades skill increases to level 5!
Your Armour skill increases to level 7!
Your Dodging skill increases to level 4!
You have reached level 6!
You aren't carrying any items that you can evoke.
Unknown command.
Unknown command.
You cannot drink potions in your current state!
Unknown command.
You cannot drink potions in your current state!
Unknown command.
You slash the neqoxec!
The neqoxec is heavily wounded.
The neqoxec hits you!
You feel threatened and lose the ability to read scrolls!
You die...

# #.
#+#
#3##.##
#3@<.+
###.##
#+#


You could see 2 neqoxecs.

Vanquished Creatures
  2 neqoxecs (D)
2 creatures vanquished.

Notes
Turn   | Place    | Note
-------+----------+-------------------------------------------
     0 | D        | dialectric the Gargoyle Fighter began the quest for the
                  | Orb.
     0 | D        | Reached XP level 1. HP: 14/14 MP: 1/1
     8 | D        | Noticed a neqoxec
    15 | D        | Noticed a neqoxec
    18 | D        | Gained mutation: You occasionally lose the ability to read
                  | scrolls when taking damage. [a neqoxec]
    20 | D        | Gained mutation: You occasionally lose the ability to drink
                  | potions when taking damage. [a neqoxec]
    21 | D        | Gained mutation: You are frail. (-10% HP) [a neqoxec]
    23 | D        | Killed a neqoxec
    24 | D        | Reached XP level 2. HP: 11/20 MP: 2/2
    24 | D        | Reached XP level 3. HP: 14/25 MP: 3/3
    24 | D        | Reached XP level 4. HP: 16/28 MP: 4/4
    24 | D        | Reached XP level 5. HP: 19/33 MP: 5/5
    27 | D        | Noticed a neqoxec
    28 | D        | HP: 1/33 [neqoxec (8)]
    30 | D        | Noticed a neqoxec
    34 | D        | Killed a neqoxec
    34 | D        | Gained mutation: You sometimes lose your temper in combat.
                  | [a neqoxec]
    35 | D        | Reached skill level 5 in Long Blades
    35 | D        | Reached XP level 6. HP: 3/39 MP: 6/6
    36 | D        | Slain by a neqoxec

Illustrated notes

Levels and vault maps discovered:
D:        the_violet_keep_of_menkaure [sprint2_stairs_cluster_1,
          sprint2_shoproom, sprint2_temple, sprint2_basic_supplies,
          sprint2_obstacle_4, sprint2_obstacle_6, sprint2_obstacle_2,
          sprint2_obstacle_7, sprint2_obstacle_3, sprint2_timed_cluster_1,
          sprint2_smallroom_cluster_1, sprint2_smallroom_final_cluster_1,
          sprint2_transparent_cluster_1, sprint2_second_timed_cluster_1,
          sprint2_sniper_area_1, sprint2_heavy_combat_area_1,
          sprint2_mutation_trap_area_1, sprint2_forest_area_1,
          sprint2_light_combat_area_1, sprint2_behind_water_1,
          sprint2_near_end_vault_1]

Skill      XL: |  1  2  3  4  5 |
---------------+----------------+-----
Fighting       | 6 7 |  7.4
Long Blades    | 4 5 |  5.5
Armour         | 6 7 |  7.9
Dodging        | 3 4 |  4.8
Shields        | |  3.2

Action                     |  1- 3 |  4- 6 || total
---------------------------+-------+-------++-------
  Melee: Long sword        |    12 |    12 ||    24
    Use: Potion            |     1 |       ||     1
 Armour: Scale mail        |     3 |     5 ||     8
  Dodge: Dodged            |     5 |     2 ||     7

Table legend: (Time is in decaauts)
 A = Elapsed time spent in this place.
 B = Non-inter-level travel time spent in this place.
 C = Inter-level travel time spent in this place.
 D = Time resting spent in this place.
 E = Time spent auto-exploring this place.
 F = Levels seen in this place.
 G = Mean time per level.
                   A        B        C        D        E       F      G
               +--------+--------+--------+--------+--------+-----+--------+
         Total |     41 |     41 |      0 |      0 |      0 |   1 |   41.0 |
       Dungeon |     41 |     41 |      0 |      0 |      0 |   1 |   41.0 |
               +--------+--------+--------+--------+--------+-----+--------+

Top non-repeatable levels by time:
       D: 41 daAuts
